[Event "31st MPL National U18 Chess-ch 2022"]
[Site "Pollachi"]
[Date "2022.04.19"]
[Round "4.1"]
[White "Md Bashiq Imrose"]
[Black "Bharath Subramaniyam H"]
[Result "0-1"]
[ECO "A46"]
[WhiteElo "1671"]
[BlackElo "2508"]
[Annotator "TA"]
[PlyCount "92"]
[EventDate "2022.04.18"]
[EventCountry "IND"]
[SourceTitle "playchess.com"]
[Source "ChessBase"]
[SourceQuality "1"]
[TimeControl "5400+30"]

1. d4 Nf6 2. Nf3 d6 3. Bg5 Nbd7 4. Nbd2 e5 5. dxe5 dxe5 6. e4 {[%emt 0:01:11] A46: 1 d4 Nf6 2 Nf3 e6: Torre, London and Colle Systems.} Be7 7. Bc4 O-O 8. O-O {[%emt 0:01:06] The position is equal.} Ng4 9. Bxe7 Qxe7 {[%emt 0:00:27] [#]} 10. h3 $146 ({Predecessor:} 10. c3 Ngf6 11. Re1 b6 12. a4 a5 13. Qb1 Bb7 {½-½ (13) Straka,J (2280)-Hausner,I (2360) Slovakia 2017}) 10... Ngf6 11. c3 Nh5 12. Nd4 {[%emt 0:03:05] Strongly threatening Nf5.} exd4 13. Qxh5 dxc3 14. bxc3 Nf6 15. Qg5 h6 16. Qe3 Be6 17. Bxe6 Qxe6 18. Rfe1 Rfe8 19. f3 {[%emt 0:03:03] [#]} (19. e5 $11 {remains equal.} Nd5 20. Qd4) 19... Nd5 $1 $17 20. Qc5 Nf4 21. Qxc7 Qf6 {[%emt 0:02:32] &Nero is more active.} 22. Nf1 Rac8 {[%emt 0:05:24][%mdl 64] Deflection} 23. Qd7 Qxc3 24. Rad1 $1 Re6 $40 {[%emt 0:08:08][%mdl 128] Black has some attack.} 25. Qd2 Qe5 {[%emt 0:01:01] aiming for ...Rg6.} 26. Ne3 Rg6 {[%emt 0:00:46] ...Nxh3+ is the strong threat.} 27. Ng4 Qg5 28. h4 Qc5+ 29. Qe3 $2 {[%emt 0:01:08][%mdl 8192] [#] Black continues to play with concentration.} (29. Kh1 $11 {and White is okay.} Qc7 30. e5) 29... Qxe3+ $1 $19 30. Nxe3 {[#]} Nxg2 $1 31. Nxg2 {Threatens to win with Re2.} (31. h5 Nxe1+) 31... Rc2 {[%csl LRa2,LRg2] Prevents Re2.} 32. Rd8+ Kh7 33. Kh1 Rgxg2 {[%mdl 4096] Endgame KRR-KRR} 34. Rc1 $2 (34. a4) 34... Rh2+ ({Worse is} 34... Rxc1+ 35. Kxg2 Rc2+ 36. Kg3 $19) 35. Kg1 Rcg2+ ({Inferior is} 35... Rxc1+ 36. Kxh2 Rc2+ 37. Kg3 $19) 36. Kf1 Rxa2 {[%cal Rh2h1] Black is clearly winning.} 37. Kg1 {Against Rh1+} Rxh4 38. Rd7 Rf4 39. Rxb7 (39. Rf1 $142) 39... Rxf3 40. Rcc7 Re3 41. Kf1 {Against Re1+} Rd3 42. Rd7 Rxd7 43. Rxd7 f6 44. Re7 Ra5 {[%emt 0:00:30] Hoping for ...Re5.} 45. Kf2 Re5 46. Rxa7 Rxe4 {[%emt 0:00:30] Weighted Error Value: White=0.56/Black=0.13 (very precise)} 0-1

[Event "31st MPL National U18 Chess-ch 2022"]
[Site "Pollachi"]
[Date "2022.04.19"]
[Round "4.2"]
[White "John Veny Akkarakaran"]
[Black "Harshad S"]
[Result "1/2-1/2"]
[ECO "B92"]
[WhiteElo "1687"]
[BlackElo "2328"]
[Annotator "TA"]
[PlyCount "163"]
[EventDate "2022.04.18"]
[EventCountry "IND"]
[SourceTitle "playchess.com"]
[Source "ChessBase"]
[SourceQuality "1"]
[TimeControl "5400+30"]

1. e4 c5 2. Nf3 d6 3. d4 cxd4 4. Nxd4 Nf6 5. Nc3 a6 6. Be2 e5 7. Nb3 Be7 8. O-O O-O 9. Kh1 Nc6 {[%emt 0:01:58] 9...Be6 is the recent fashion.} 10. f4 Re8 {[%emt 0:01:33] B92: Sicilian Najdorf: 6 Be2.} 11. f5 b5 12. Bg5 Bb7 {[%emt 0:06:13] [#] Black has an edge.} 13. Bf3 $146 ({Predecessor:} 13. Bxf6 Bxf6 14. Nd5 Nd4 15. c4 Rc8 16. Nxd4 exd4 17. cxb5 axb5 18. Bd3 Bxd5 19. exd5 {½-½ (45) Nakamura,H (2736)-Giri,A (2764) chess24.com INT 2020}) 13... Rc8 14. Bxf6 Bxf6 15. Nd5 Nd4 16. Nxf6+ Qxf6 17. Nxd4 (17. c3 $15 Nxf3 18. Qxf3) 17... exd4 $17 18. Qd3 Qe5 19. Rad1 Bxe4 20. Bxe4 Qxe4 21. Qxd4 Qxd4 ({Inferior is} 21... Qxc2 22. Qxd6 Qxb2 23. Qxa6 $15) 22. Rxd4 Rxc2 23. Rxd6 {[%emt 0:00:00][%mdl 4096] Endgame KRR-KRR} a5 24. b4 axb4 25. Rb6 {[%emt 0:00:00] [#]} Rf2 $3 26. Rb1 (26. Kg1 Rxa2) 26... b3 27. axb3 Rxf5 28. Kg1 f6 29. Rc1 Re7 30. h3 h5 31. b4 (31. Rbc6 $17) 31... h4 ({Black should try} 31... Re2 $19 {White must now prevent ...Rff2.} 32. Rb8+ Kh7) 32. Rb8+ (32. Rf1 $17 Rg5 33. Rf4) 32... Kf7 $19 33. Rf1 Rd5 34. Rc1 (34. Rf4 $17) 34... Rf5 35. Rf1 $1 Rg5 36. Rc8 (36. Rf4 $142) 36... Re4 37. Rc7+ Kg6 38. Rc5 Rxb4 39. Rc2 Re4 40. Rf3 b4 41. Rb3 Rf5 {[%emt 0:00:51] And now ...Re1+ would win.} 42. Rcb2 Rff4 43. Kh2 Rc4 44. Rb1 Kf5 45. R1b2 g6 46. Rb1 Ke5 47. Ra1 Rc5 {[%emt 0:01:28] Against Ra5} 48. Rd1 g5 49. Rdb1 Rcc4 50. Ra1 Kf5 51. Rb2 Kg6 52. Rab1 Rfd4 53. Kg1 f5 54. Rb3 Rf4 55. R3b2 g4 56. hxg4 fxg4 57. Kh2 Kg5 58. Rb3 $2 (58. g3 {is the only way for White.} hxg3+ 59. Kxg3) 58... Kf5 59. R3b2 Ke5 60. Rd2 Rfd4 {[%emt 0:00:48] Inhibits Rd8.} 61. Re2+ Kd5 (61... Kd6 $142 62. Re8 Rf4) 62. Re8 Rc6 $2 (62... Re4 $19 63. Rb8 Kc5) 63. Rh8 $2 (63. Rd8+ $11 {and White has nothing to worry.} Rd6 64. Rb8) 63... Kc5 (63... Ke4 $19 {aiming for ...Ke3.} 64. Rxh4 Ke3) 64. Rh5+ $17 {[%emt 0:00:00] [#]} Kb6 $1 {[%emt 0:00:30] Threatens to win with ...Rg6.} 65. Rxh4 g3+ (65... Ka5 $17 {[%cal Og4g3] Strongly threatening ...g3+!} 66. Rh8 Ka6) 66. Kh3 $11 {[%emt 0:00:00] The position is equal.} Rxh4+ 67. Kxh4 {[%emt 0:00:00] KR-KR} Kb5 68. Kxg3 Ka4 69. Kf4 b3 70. g4 Ka3 71. g5 Ka2 72. Rxb3 Kxb3 {KR-KP} 73. Kf5 Kc4 74. g6 Kd5 75. g7 Rc8 76. Kf6 Kd6 77. Kf7 Rc7+ 78. Kf6 Rc8 79. Kf7 Rc7+ 80. Kf6 Rc8 81. Kf7 Rc7+ 82. Kf6 {[%emt 0:00:02] Whites escaped into a draw.  Weighted Error Value: White=0.27 (precise) /Black=0.18 (very precise)} 1/2-1/2

[Event "31st MPL National U18 Chess-ch 2022"]
[Site "Pollachi"]
[Date "2022.04.19"]
[Round "4.3"]
[White "Apoorv Kamble"]
[Black "Soham Kamotra"]
[Result "0-1"]
[ECO "B18"]
[WhiteElo "1679"]
[BlackElo "2229"]
[Annotator "TA"]
[PlyCount "108"]
[EventDate "2022.04.18"]
[EventCountry "IND"]
[SourceTitle "playchess.com"]
[Source "ChessBase"]
[SourceQuality "1"]
[TimeControl "5400+30"]

1. e4 c6 2. d4 d5 3. Nd2 dxe4 4. Nxe4 Bf5 5. Ng3 Bg6 6. Bc4 e6 7. N1e2 Bd6 8. O-O Nd7 {[%emt 0:01:11] B18: Classical Caro-Kann: 4...Bf5 sidelines.} 9. f4 (9. Nf4 $11) 9... Ne7 $15 10. Bd3 Qc7 {[%emt 0:00:00] Black is slightly better.} 11. Kh1 O-O 12. Bxg6 hxg6 13. Ne4 Nf6 {[%emt 0:00:00] [#]} 14. Ng5 $146 ({Predecessor:} 14. Nxf6+ gxf6 15. c4 Rfd8 16. Bd2 Nc8 17. Qe1 Bf8 18. Rc1 Qe7 19. c5 f5 20. Bc3 {½-½ (83) Hamdouchi,H (2564)-Santos,J (2355) Santo Antonio 1999}) 14... c5 15. Be3 Nf5 16. Bg1 cxd4 {[%emt 0:00:00] &Nero is more active.} (16... Rfd8 $17 17. Qc1 b5) 17. Nxd4 Nxd4 18. Qxd4 Rfd8 19. Ne4 {[%emt 0:11:53] [#]} (19. Qf2 $15) 19... Be7 (19... e5 $1 $17 20. Qa4 Nxe4 21. Qxe4 exf4) 20. Qa4 ({Better is} 20. Qc3 $1 $15 Qxc3 21. Nxc3) 20... b5 $17 {[%emt 0:00:00] Black continues to play with concentration.} 21. Nxf6+ Bxf6 22. Qb3 Rd2 23. Be3 Rxc2 24. Rac1 Rxc1 $40 {[%emt 0:00:00][%mdl 128] Black wants a kill.} 25. Rxc1 Qb7 26. Qc2 {[%emt 0:12:22] Against Qe4} Rd8 27. h3 a6 28. Qc6 Qxc6 29. Rxc6 $19 {[%emt 0:00:02][%mdl 4096] Endgame KRB-KRB} Rd3 (29... Bxb2 30. Rxa6 Rd3 31. Bf2 $17) 30. Ba7 (30. Bc1 $17 {was necessary.}) 30... Bh4 ({Not} 30... Bxb2 31. Rxa6 e5 32. Rb6) 31. Rc1 (31. Kg1 $142) 31... Bg3 32. Bb8 (32. Rf1 $142) 32... Rd2 33. f5 $2 (33. Be5) 33... Bxb8 {KRB-KR} 34. Rc8+ Kh7 {[%cal Rd2d1] [#]} 35. Rxb8 gxf5 {[%cal Bg6f5,Bf5f4][%mdl 32] KR-KR} 36. Rb6 Rxb2 37. Rxa6 Kg6 38. a4 (38. a3 $142) 38... bxa4 39. Rxa4 e5 {[%cal Be6e5,Be5e4][%mdl 32] aiming for ...f4.} 40. Kg1 f4 {White must now prevent ...f5.} 41. Kf1 f6 42. Ra7 e4 {...e3 is the strong threat.} 43. Ra4 f5 44. Ra7 Kf6 {Threatens to win with ...e3.} 45. h4 Rb1+ 46. Kf2 Rh1 47. Ra6+ Kf7 48. Ra7+ Kg6 49. Ra6+ Kh7 50. Ra5 g6 51. Ra7+ Kh6 52. Rb7 Rxh4 53. Kg1 Kg5 54. Rb6 Rh7 {Weighted Error Value: White=0.77/Black=0.12 (very precise)} 0-1

[Event "31st MPL National U18 Chess-ch 2022"]
[Site "Pollachi"]
[Date "2022.04.19"]
[Round "4.4"]
[White "Sathvik Adiga"]
[Black "Mahendra Teja Mekala"]
[Result "0-1"]
[ECO "B34"]
[WhiteElo "1562"]
[BlackElo "1875"]
[Annotator "NA RC"]
[PlyCount "132"]
[EventDate "2022.04.18"]
[EventCountry "IND"]
[SourceTitle "playchess.com"]
[Source "ChessBase"]
[SourceQuality "1"]
[TimeControl "5400+30"]

1. e4 c5 2. Nf3 g6 3. d4 cxd4 4. Nxd4 Bg7 5. Nc3 Nc6 6. Be3 Nf6 7. f3 O-O 8. Qd2 d5 9. exd5 Nxd5 10. Nxc6 bxc6 11. Bd4 Bxd4 12. Qxd4 e5 13. Qc5 Nxc3 14. Qxc3 e4 15. Qd2 Qf6 16. O-O-O $1 Rb8 ({Black should play} 16... exf3 $17 17. Qd4 Qg5+ 18. Qd2 Qc5 19. gxf3 Bf5) 17. Qd4 Qg5+ $1 18. Kb1 exf3 19. gxf3 c5 (19... Be6 $15 {feels stronger.} 20. Bd3 Rfd8) 20. Qc3 Be6 21. b3 Qf4 (21... c4 {feels stronger.} 22. Bxc4 Rfc8) 22. Qxc5 Qxf3 23. Bd3 Qf6 24. h4 (24. Rhf1 $5 Qh4 25. Rde1 $11 (25. Qxa7 Qxh2 26. Qd4 Qc7 $11)) 24... Rfc8 25. Qg5 Qxg5 26. hxg5 Rc5 27. Rdg1 {[%emt 0:04:06] [#]} a5 (27... Rb4 $1 $17) 28. Rh4 Rb4 29. Rxb4 axb4 30. Kb2 Ra5 31. Be4 Kg7 32. Rg2 h5 33. gxh6+ $1 Kxh6 34. c3 bxc3+ 35. Kxc3 f5 36. Bb1 g5 37. b4 Re5 $1 38. a4 Re3+ (38... g4 $1 $15) 39. Bd3 $1 f4 40. Re2 $2 (40. Kd4 $11) 40... Rxe2 41. Bxe2 g4 42. Kd4 Kg5 43. Bf1 g3 44. a5 f3 45. Ke3 g2 46. Bxg2 fxg2 47. Kf2 Bd5 48. b5 Kg4 49. a6 Kh3 50. Kg1 Bc4 51. a7 Bd5 52. b6 Bb7 ({Stronger than} 52... Kg3 53. b7 Bxb7 54. a8=Q Bxa8 $11) 53. Kf2 Kh2 54. a8=Q g1=Q+ (54... Bxa8 $142 55. Ke3 g1=Q+ 56. Kd3 Qc5 57. b7 Bxb7 58. Kd2 Be4 59. Ke2 Qc1 60. Kf2 Qd2+ 61. Kf1 Bg2#) 55. Ke2 Bxa8 56. b7 Bxb7 57. Kd3 Qg4 58. Ke3 Qe4+ 59. Kd2 Ba6 60. Kc3 Qc4+ 61. Kb2 Qd3 62. Ka2 Bc4+ 63. Kb2 Qb3+ 64. Kc1 Qa2 65. Kd1 Bd3 66. Ke1 Qe2# 0-1

[Event "31st MPL National U18 Chess-ch 2022"]
[Site "Pollachi"]
[Date "2022.04.19"]
[Round "4.5"]
[White "Krishnan Ritvik"]
[Black "Gokulakrishna S"]
[Result "1-0"]
[ECO "B67"]
[WhiteElo "1761"]
[BlackElo "1400"]
[Annotator "NA RC"]
[PlyCount "64"]
[EventDate "2022.04.18"]
[EventCountry "IND"]
[SourceTitle "playchess.com"]
[Source "ChessBase"]
[SourceQuality "1"]
[TimeControl "5400+30"]

1. e4 c5 2. Nf3 d6 3. d4 cxd4 4. Nxd4 Nf6 5. Nc3 Nc6 6. Bg5 e6 7. Qd2 a6 8. O-O-O Bd7 9. f3 Nxd4 10. Qxd4 Be7 11. Kb1 Qc7 12. h4 Rc8 13. g4 h5 14. gxh5 Nxh5 15. Bh3 b5 16. Rhe1 Nf6 17. Qd2 b4 18. Ne2 a5 19. Nd4 a4 20. f4 a3 21. e5 axb2 22. exf6 gxf6 23. f5 e5 24. Bh6 Qc3 25. Bg4 Qxd2 26. Bg5 Qe3 27. Bxe3 Rxh4 28. Bd2 exd4 29. Rg1 Rc5 30. Bxb4 Rc4 31. Be1 d3 32. cxd3 Rhxg4 1-0

[Event "31st MPL National U18 Chess-ch 2022"]
[Site "Pollachi"]
[Date "2022.04.19"]
[Round "4.6"]
[White "Srihari L R"]
[Black "Chidvilash Sai Surapaneni"]
[Result "1-0"]
[ECO "A09"]
[WhiteElo "2400"]
[BlackElo "1753"]
[Annotator "TA"]
[PlyCount "65"]
[EventDate "2022.04.18"]
[EventCountry "IND"]
[SourceTitle "playchess.com"]
[Source "ChessBase"]
[SourceQuality "1"]
[TimeControl "5400+30"]

1. Nf3 d5 2. c4 d4 3. b4 c5 4. e3 dxe3 5. fxe3 cxb4 6. d4 e6 7. Bd3 {[%emt 0:00:00] A09: Réti Opening: 1 Nf3 d5 2 c4.} Nf6 8. O-O Be7 9. Bb2 {[%emt 0:00:00][%mdl 1024] White has compensation. The position is equal.} O-O 10. Qe2 {[%emt 0:00:00] [#]} Ne8 $146 ({Predecessor:} 10... Nbd7 11. Nbd2 b6 12. e4 e5 13. Nb3 Qc7 14. dxe5 Ng4 15. e6 fxe6 16. e5 Bb7 {0-1 (43) Lubbers,J (1652)-Varela,M (1000) IECC email 2004}) 11. Nbd2 f5 12. e4 Kh8 (12... g6 $14) 13. Rae1 $18 Bf6 14. exf5 exf5 15. Ne5 Nc6 16. Ndf3 Nd6 17. d5 (17. h4 $16) 17... Nxe5 $11 18. Nxe5 (18. Bxe5 {is more complex.} b6 19. Nd4 Bxe5 20. Qxe5 Kg8 21. Bxf5 Nxf5 22. Ne6) 18... Nf7 (18... Qc7 $14) 19. Bxf5 {[%emt 0:00:00] 0x0.002ceff46a05dp-1022s more active pieces. The black rooks are badly placed.} (19. Nxf7+ {feels hotter.} Rxf7 20. Qe8+ Rf8 21. Qxd8 Bxd8 22. c5) 19... Nxe5 20. Bxe5 Bxe5 21. Qxe5 {[%emt 0:00:00] Hoping for Be4.} Bxf5 22. Rxf5 Qb6+ $1 23. Kh1 Rxf5 (23... Qc5 $1 $11 {remains equal.}) 24. Qxf5 $40 {[%emt 0:00:00][%mdl 4224] Endgame KQR-KQR. White attacks with force.} Qc5 (24... h6 $16 {was worth a try.}) 25. Qd7 $2 (25. Qe6 $18 h6 26. d6) 25... Rf8 $1 26. h3 {[%emt 0:00:00] Black must now prevent d6.} Qxc4 {[%emt 0:00:11] [#]} 27. Qf7 $1 Qc8 28. Qe7 {[%emt 0:00:00] aiming for d6.} h6 $1 29. d6 {[%emt 0:00:00][%cal Bd5d6,Bd6d7][%mdl 32] Threatening mate with d7.} Rd8 {[%emt 0:00:15] Prevents d7.} 30. Qf7 {[%emt 0:00:00] Re7 is the strong threat.} (30. Rf1 $5 Kh7 31. Qe4+ Kh8 32. Qxb4 $14) 30... Rf8 $2 {[%emt 0:03:23][%mdl 8192] [#]} (30... Qc2 $14) 31. d7 $1 {[%emt 0:00:00][%mdl 512] White mates.} Qc5 {[%emt 0:01:20] [#]} 32. Qxf8+ $3 {[%emt 0:00:00][%mdl 576] Remove Defender, Promotion} Qxf8 33. Re8 {[%emt 0:00:00] Weighted Error Value: White=0.13 (very precise) /Black=0.31} 1-0

[Event "31st MPL National U18 Chess-ch 2022"]
[Site "Pollachi"]
[Date "2022.04.19"]
[Round "4.7"]
[White "Agarwal Mukund H"]
[Black "Avinash Ramesh"]
[Result "0-1"]
[ECO "B23"]
[WhiteElo "1611"]
[BlackElo "2402"]
[Annotator "TA"]
[PlyCount "98"]
[EventDate "2022.04.18"]
[EventCountry "IND"]
[SourceTitle "playchess.com"]
[Source "ChessBase"]
[SourceQuality "1"]
[TimeControl "5400+30"]

1. e4 c5 2. Nc3 Nc6 3. Bb5 Nd4 4. Nf3 a6 5. Bd3 g6 6. Nxd4 {[%emt 0:00:57] B23: Closed Sicilian: Lines without g3.} cxd4 7. Ne2 Bg7 8. O-O {[%emt 0:00:20] The position is equal.} d5 9. exd5 Qxd5 10. c3 dxc3 11. dxc3 Nf6 {[%emt 0:00:09] [#]} 12. Bc2 $146 (12. Nf4 {looks sharper.} Qc5 13. Qb3 O-O 14. Be3) ({Predecessor:} 12. Nf4 Qd6 13. Be2 Qc7 14. Bf3 O-O 15. Nd5 Nxd5 16. Qxd5 Rb8 17. Be3 Be5 18. g3 {½-½ (33) Kovalev,V (2634)-Maghsoodloo,P (2706) Dubai 2021}) 12... Qxd1 13. Rxd1 O-O 14. a4 Bg4 15. f3 Bd7 16. Be3 Bc6 17. Nd4 Bd5 18. a5 Rfd8 19. Nb3 e5 20. Bb6 Rdc8 21. Nc5 Bc6 22. Ba4 Nd5 23. Bxc6 bxc6 24. Kf2 Rcb8 25. Nd7 (25. Na4 $1 $14) 25... Re8 (25... Rb7 $1 $11 {remains equal.} 26. Nc5 Rbb8) 26. c4 $16 Nf4 27. Rd6 (27. Be3 $16) 27... e4 $11 28. fxe4 Rxe4 29. Rxc6 Nd3+ 30. Kf3 Rae8 31. Ra3 Ne1+ 32. Kg3 h5 33. Nf6+ Bxf6 34. Rxf6 Rg4+ 35. Kf2 $1 {[%emt 0:02:10] aiming for Be3.} Kg7 ({Don't take} 35... Rxc4 36. Re3 Rxe3 37. Bxe3 Nd3+ 38. Ke2 $16) ({But not} 35... Nxg2 36. h3 Rg5 37. b4 $16 (37. Rg3 Rxg3 38. Kxg3 Ne3 $16)) 36. Rd6 {[%emt 0:01:18] Hoping for Re3.} Rxg2+ 37. Kf1 Rxh2 38. Re3 Rxe3 ({Resist} 38... Rh1+ 39. Kf2 Rxe3 40. Bxe3 $16) 39. Bxe3 {[%emt 0:00:07][%mdl 4096] Endgame KRB-KRN} (39. Bd4+ $1 $11 f6 40. Bxe3) 39... Nf3 $15 40. Bf2 {[%emt 0:05:21] And now c5 would win.} g5 (40... h4 $1 $15 41. Rd3 Ne5) 41. c5 $1 $11 {[%emt 0:00:57][%cal Bc4c5,Bc5c6][%mdl 1056] White has compensation.} g4 $1 {[%emt 0:00:01] White must now prevent ...h4.} 42. c6 $1 Rh1+ 43. Ke2 Rc1 44. b4 $2 {[%emt 0:01:20] [#]} (44. Bb6 $11 h4 45. c7) 44... Rc2+ $2 (44... h4 $1 $19 {Threatens to win with ...Rc2+.} 45. Be3 Rc2+ 46. Kd1 Rc4) 45. Kf1 $2 (45. Kd1 $11 Rxf2 46. c7 Rf1+ 47. Kc2 Ne1+ 48. Kb3 Rf3+ 49. Kc4) 45... h4 $19 46. Rd4 Nxd4 47. Bxd4+ Kf8 {[%emt 0:00:06] ( -> ...h3)} 48. Bc5+ {[%emt 0:01:05] [#]} Rxc5 $1 49. bxc5 Ke8 {[%emt 0:00:01] Weighted Error Value: White=0.60/Black=0.15 (very precise)} 0-1

[Event "31st MPL National U18 Chess-ch 2022"]
[Site "Pollachi"]
[Date "2022.04.19"]
[Round "4.8"]
[White "Ayushh Ravikumar"]
[Black "Nawin M S"]
[Result "1/2-1/2"]
[ECO "A59"]
[WhiteElo "2269"]
[BlackElo "1704"]
[Annotator "TA"]
[PlyCount "148"]
[EventDate "2022.04.18"]
[EventCountry "IND"]
[SourceTitle "playchess.com"]
[Source "ChessBase"]
[SourceQuality "1"]
[TimeControl "5400+30"]

1. d4 Nf6 2. Nf3 g6 3. c4 c5 4. d5 b5 5. cxb5 a6 6. bxa6 Bxa6 7. Nc3 d6 8. e4 Bxf1 9. Kxf1 Bg7 10. g3 O-O 11. Kg2 Nbd7 12. Qc2 {[%emt 0:05:00] 12.a4 is becoming the main line.} Qb6 13. Nd2 {[%emt 0:00:00] A59: Benko/Volga Gambit: White castles by hand.} Qa6 {[%emt 1:17:48] [#]} 14. Rb1 $146 (14. h3 $11) ({Predecessor:} 14. Nb3 Rfb8 15. Bd2 Ne5 16. Rhe1 Qd3 17. Qd1 Nc4 18. Bc1 Qxd1 19. Rxd1 Nd7 20. f4 f5 21. exf5 gxf5 22. Re1 Kf7 23. Re2 Rxb3 {0-1 (23) Letain,C (1699)-Babb,J (2132) Winnipeg 2017}) 14... Ne5 (14... Ng4 $5 ) 15. b3 (15. a3 $11) 15... Nfg4 $17 16. Rf1 Qd3 17. Qxd3 (17. Rb2 $1 $15) 17... Nxd3 18. Na4 Bh6 (18... Rfb8 $17 {White must now prevent ...Bd4.} 19. Bb2 Nxb2 20. Nxb2 Rxa2) 19. h3 $1 $11 Nxc1 {[%emt 0:00:00][%mdl 64] Remove Defender} 20. Rbxc1 Bxd2 21. Rc2 $132 {[%emt 0:00:00][%mdl 2048] [#] White is not keeping still} Nxf2 22. Rxf2 Be3 23. Rfe2 Bd4 24. Nb6 Ra7 25. Nc4 Rfa8 26. Nb6 Rb8 27. Nc4 Rba8 28. Kf3 f6 29. h4 Kg7 30. g4 Kf7 31. Rg2 Rh8 32. h5 h6 33. hxg6+ Kxg6 34. Nd2 Rha8 35. Nf1 Be5 36. Ne3 Ra3 37. Nc4 R3a7 38. Ne3 Ra3 39. Nf5 R8a7 40. Rge2 c4 41. Rxc4 Rxa2 {[%emt 0:00:00] [#]} 42. Nxe7+ $1 Kg5 43. Rxa2 Rxa2 {[%emt 0:01:30][%mdl 4096] Endgame KRB-KRN} 44. Rc8 Rb2 45. Rb8 {[%emt 0:01:05] Threatens to win with Nf5.} Rb1 46. Nf5 Rf1+ 47. Ke3 Re1+ $1 48. Kf3 Rf1+ 49. Ke2 Rh1 50. Kd3 Kxg4 {[%emt 0:02:51] Black wants to play ...h5.} 51. Rb6 $2 (51. Rd8 $11) 51... h5 $1 $19 {[%emt 0:00:30] aiming for ...h4.} 52. Nxd6 $2 (52. Rb8 Kf4 53. Ne7 Rh3+ 54. Ke2) 52... h4 $1 {And now ...h3 would win.} 53. Nf5 h3 {[%emt 0:00:00] ...h2 is the strong threat.} 54. Ne3+ Kg5 55. d6 {[%emt 0:02:00] Hoping for d7.} h2 56. d7 Bc7 57. Rb5+ Kg6 58. Rc5 {[%emt 0:00:00] [#]} Bd8 (58... Rb1 $1 $19 {is more deadly.} 59. Rxc7 h1=Q) 59. Rc8 $17 {[#]} Rd1+ $3 {[%emt 0:01:29][%mdl 576] Skewer} 60. Nxd1 {[%emt 0:00:23] Intending Nf2 and mate.} h1=Q 61. Ne3 $2 (61. Rxd8 $17 Qxd1+ 62. Kc4) 61... Qb1+ 62. Ke2 {[%emt 0:00:27] [#]} Qa2+ $1 63. Kf3 {[%emt 0:00:12] [#]} Be7 $2 ({Black should try} 63... Qa5 $1 $19 64. Nd5 f5) 64. d8=Q {Chess con chili.} Bxd8 65. Rxd8 Qxb3 $11 {[%emt 0:01:56] KQ-KRN} 66. Rd5 Qb1 67. Rf5 Qh1+ 68. Ng2 Qf1+ 69. Kg3 Qd3+ 70. Kf4 Qf1+ 71. Kg3 Qd3+ 72. Kg4 $2 (72. Kf4 $11) 72... Qxe4+ $19 {[%emt 0:00:37] Black is clearly better.} 73. Nf4+ Kg7 74. Rd5 Qxd5 $2 {[%emt 0:00:12] Weighted Error Value: White=0.42/Black=0.34} 1/2-1/2

[Event "31st MPL National U18 Chess-ch 2022"]
[Site "Pollachi"]
[Date "2022.04.19"]
[Round "4.9"]
[White "Manish Anto Cristiano F"]
[Black "Shadhursshaan R"]
[Result "1-0"]
[ECO "A30"]
[WhiteElo "2236"]
[BlackElo "1633"]
[Annotator "TA"]
[PlyCount "61"]
[EventDate "2022.04.18"]
[EventCountry "IND"]
[SourceTitle "playchess.com"]
[Source "ChessBase"]
[SourceQuality "1"]
[TimeControl "5400+30"]

1. d4 Nf6 2. c4 e6 3. Nf3 b6 4. g3 Bb7 5. Bg2 c5 6. O-O Be7 7. d5 exd5 8. Nh4 O-O 9. cxd5 {Hoping for d6. A30: Symmetrical English: Double Fianchetto and Hedgehog.} d6 10. Nf5 Re8 11. Nxe7+ {[%emt 0:00:00] White is slightly better.} Qxe7 12. Nc3 Ba6 13. Re1 b5 14. a4 b4 15. Nb5 {[#]} Bxb5 $146 ({Predecessor:} 15... Bb7 16. Bf4 Rd8 17. e4 a6 18. Nxd6 Rxd6 19. Bxd6 Qxd6 20. e5 Qb6 21. exf6 Nd7 22. fxg7 Nf6 23. Re7 Rd8 24. a5 Qb5 25. Qf3 {1-0 (25) Eidelson,R (2251)-Tereshkova,M (1903) Minsk 2012}) 16. axb5 Nbd7 {[%emt 0:00:00] [#] White now steadily converts the win.} (16... a5 $14) 17. e4 $1 $16 Nb6 18. e5 {[%emt 0:01:00] Threatens to win with Bf4.} dxe5 19. d6 Qd8 (19... Qe6 $16) 20. Bxa8 Qxa8 21. Be3 Nbd7 (21... Nfd7 {keeps fighting.} 22. Qb3 h5) 22. Qa4 $18 h5 23. Bg5 Ne4 $2 {[%emt 0:00:00] [#]} (23... Re6 24. Red1 Qf3) 24. Qxa7 $1 {White is clearly winning.} Qxa7 25. Rxa7 Nxg5 26. Rxd7 {[%emt 0:00:00] KRR-KRN} Nf3+ 27. Kf1 Nxe1 28. Kxe1 Rb8 29. Rc7 {[%emt 0:00:00] aiming for d7.} Kf8 30. b6 {[%emt 0:00:00][%cal Bb5b6,Bb6b7][%mdl 32] Threatening mate with b7.} Ke8 31. b7 {[%emt 0:00:00] Weighted Error Value: White=0.05 (flawless) /Black=0.49} 1-0